 Dungeon Crawl Stone Soup version 0.24-a0-520-g8fd06ad0bc (webtiles) character file.

Game seed: 11496306582989300627

4681 DeathSun the Cleaver (level 10, -3/77 HPs)
             Began as a Hill Orc Fighter on July 26, 2019.
             Was a Priest of Okawaru.
             Engulfed by a cloud of flame (15 damage)
             ... on level 8 of the Dungeon.
             The game lasted 00:15:07 (7697 turns).

DeathSun the Cleaver (Hill Orc Fighter)             Turns: 7697, Time: 00:15:08

Health: -3/77      AC: 17    Str: 23    XL:     10   Next: 44%
Magic:  14/14      EV:  5    Int:  8    God:    Okawaru [***...]
Gold:   389        SH: 12    Dex: 10    Spells: 9/9 levels left

rFire    . . .     SeeInvis .   a - +1 war axe
rCold    . . .     Gourm    .   c - +0 shield
rNeg     . . .     Faith    .   o - +1 plate armour
rPois    +         Spirit   .   (no helmet)
rElec    .         Reflect  +   (no cloak)
rCorr    .         Harm     .   A - +0 pair of gloves (curse)
MR       .....                  (no boots)
Stlth    ..........             q - +3 amulet of reflection
HPRegen  0.22/turn              k - ring of poison resistance
MPRegen  0.14/turn              (no ring)

@: no status effects
A: no striking features
a: Heroism, Renounce Religion


You were on level 8 of the Dungeon.
You worshipped Okawaru.
Okawaru was most pleased with you.
You were hungry.

You visited 2 branches of the dungeon, and saw 9 of its levels.
You also visited: Ossuary.

You collected 389 gold pieces.

Inventory:

Hand Weapons
 a - a +1 war axe (weapon)
Missiles
 z - 12 boomerangs (quivered)
Armour
 c - a +0 shield (worn)
 o - a +1 plate armour (worn)
 A - a cursed +0 pair of gloves (worn)
Jewellery
 k - a ring of poison resistance (left hand)
 q - a +3 amulet of reflection (around neck)
 C - an uncursed ring of magical power {unknown}
Wands
 d - a wand of flame (14)
 v - a wand of enslavement (11)
 D - a wand of polymorph (9)
Scrolls
 e - 2 scrolls of blinking
 h - 5 scrolls of enchant weapon
 j - 3 scrolls of enchant armour
 l - 3 scrolls of remove curse
 r - 5 scrolls of teleportation
 u - a scroll of noise
 x - a scroll of immolation {unknown}
 y - a scroll of amnesia {unknown}
Potions
 g - 3 potions of curing
 i - 2 potions of lignification
 m - a potion of agility {unknown}
 n - a potion of invisibility
 p - 2 potions of ambrosia
 s - 2 potions of brilliance
 t - a potion of flight {unknown}
 w - a potion of cancellation {unknown}
 B - a potion of degeneration {unknown}
Comestibles
 f - 13 rations


   Skills:
 - Level 3.6 Fighting
 * Level 13.9 Axes
 * Level 10.3 Armour
 - Level 3.2 Shields
 - Level 6.3 Invocations


You had 9 spell levels left.
You didn't know any spells.
Your spell library contained the following spells:

 Spells                   Type           Power        Failure   Level  Hunger
 Animate Skeleton         Necr           N/A          100%        1    ##.....
 Apportation              Tloc           #.....       100%        1    ##.....
 Confusing Touch          Hex            #.....       100%        1    ##.....
 Summon Small Mammal      Summ           #...         100%        1    ##.....


Dungeon Overview and Level Annotations

Branches:
Dungeon (8/15)             Temple (1/1) D:6
   Lair: D:8-11

Altars:
Dithmenos
Hepliaklqana
Kikubaaqudgha
Nemelex Xobeh
Okawaru
Wu Jian


Message History

You slash the orc!
You kill the orc!
Okawaru accepts your kill.
Your shield and plate armour prevent you from hitting the orc priest.
You are engulfed in blazing flames.
The orc priest is engulfed in blazing flames.
The orc priest looks braver for a moment.
You slash the orc priest!
You kill the orc priest!
Okawaru accepts your kill.
You closely miss the orc.
You are engulfed in blazing flames.
* * * LOW HITPOINT WARNING * * *
The orc hits you but does no damage.
Unknown command.
You feel much better.
You are engulfed in blazing flames.
* * * LOW HITPOINT WARNING * * *
You block the orc's attack.
Your plate armour prevents you from hitting the orc.
You are engulfed in blazing flames.
You die...

#..# #.#
#..#
##..##
#<.#
#.....
##.# .....
#.########
....
#.........
#.o
#.........
#o##
#.........
#§@#
#.########
##§# #.#
#§## #.#
#.§####.#
##...##.#
#...##.#
#...##.#
##.###.#
#.###.#


You could see 2 orcs.

Vanquished Creatures
  A two-headed ogre (D:6)
  Pikel (D:6)
  A hippogriff (D:7)
  Sigmund (D:6)
  4 hogs (D:7)
  2 wraiths (Ossuary)
  A human (D:7)
  A hungry ghost (D:7)
  A water moccasin (D:7)
  An ice beast (D:5)
  A slave (D:6)
  5 ogres
  3 centaurs
  3 bullfrogs
  5 scorpions
  A wyvern skeleton (D:7)
  7 wights
  4 crimson imps
  An orc priest (D:8)
  A centaur skeleton (D:3)
  2 hounds
  Jessica (D:2)
  2 iguanas (D:7)
  An orc wizard (D:7)
  Ijyb (D:4)
  A hound skeleton (D:7)
  A worker ant zombie (D:7)
  4 adders
  10 gnolls
  A shadow imp (D:7)
  A white imp (D:4)
  An adder skeleton (D:4)
  3 adder zombies
  6 worms
  3 dart slugs (D:1)
  6 leopard geckos
  11 orcs
  2 bats (D:1)
  4 giant cockroaches
  6 goblins
  6 hobgoblins
  9 jackals
  2 quokkas (D:6)
  2 ball pythons
  9 frilled lizards
  A hobgoblin skeleton (Ossuary)
  7 kobolds
  2 kobold zombies (Ossuary)
  A leopard gecko skeleton (D:7)
  2 orc skeletons (Ossuary)
  An orc zombie (Ossuary)
  A quokka skeleton (D:5)
  5 rats
160 creatures vanquished.

Vanquished Creatures (others)
  A slave (D:6)
  A scorpion (D:6)
  A worker ant (D:6)
3 creatures vanquished.

Grand Total: 163 creatures vanquished

Notes
Turn   | Place    | Note
-------+----------+-------------------------------------------
     0 | D:1      | DeathSun the Hill Orc Fighter began the quest for the Orb.
     0 | D:1      | Reached XP level 1. HP: 19/19 MP: 1/1
    11 | D:1      | Reached skill level 3 in Axes
    26 | D:1      | Reached XP level 2. HP: 26/26 MP: 2/2
   106 | D:1      | Reached skill level 4 in Axes
   267 | D:1      | Reached XP level 3. HP: 24/31 MP: 3/3
   656 | D:2      | Reached skill level 5 in Axes
  1166 | D:2      | Reached XP level 4. HP: 39/39 MP: 4/4
  1347 | D:2      | Found a faded altar of an unknown god.
  1476 | D:2      | Noticed Jessica
  1482 | D:2      | Killed Jessica
  1482 | D:2      | Reached skill level 6 in Axes
  1586 | D:2      | Reached XP level 5. HP: 33/45 MP: 5/5
  1995 | D:3      | Reached skill level 7 in Axes
  2112 | D:3      | Reached skill level 8 in Axes
  2112 | D:3      | Reached XP level 6. HP: 46/51 MP: 6/6
  2739 | D:3      | Found an ancient bone altar of Kikubaaqudgha.
  2823 | D:4      | Reached skill level 9 in Axes
  2860 | D:4      | Found a sand-covered staircase.
  2869 | Ossuary  | Entered an ossuary
  3024 | Ossuary  | Reached XP level 7. HP: 48/57 MP: 7/7
  3046 | Ossuary  | Noticed a flying skull
  3046 | Ossuary  | Noticed a wraith
  3053 | Ossuary  | Noticed a flying skull
  3055 | Ossuary  | Noticed a flying skull
  3057 | Ossuary  | Noticed a flying skull
  3089 | Ossuary  | Noticed a wraith
  3101 | Ossuary  | Killed a wraith
  3262 | Ossuary  | Noticed a wraith
  3277 | Ossuary  | Killed a wraith
  3277 | Ossuary  | Reached skill level 10 in Axes
  3277 | Ossuary  | Reached skill level 5 in Armour
  3459 | D:4      | Reached XP level 8. HP: 52/64 MP: 8/8
  3577 | D:4      | Noticed Ijyb
  3585 | D:4      | Killed Ijyb
  4120 | D:5      | Entered Level 5 of the Dungeon
  4467 | D:5      | Reached skill level 11 in Axes
  5065 | D:6      | Noticed Sigmund
  5117 | D:6      | Found a staircase to the Ecumenical Temple.
  5131 | Temple   | Entered the Ecumenical Temple
  5139 | Temple   | Became a worshipper of Warmaster Okawaru
  5171 | D:6      | Identified the cursed +2 long sword "Yfetze" {venom, *Rage
                  | rN+ MR+ Int+4}
  5175 | D:6      | Reached XP level 9. HP: 70/70 MP: 9/9
  5232 | D:6      | Noticed Pikel
  5256 | D:6      | Killed Pikel
  5256 | D:6      | Reached * piety under Okawaru
  5256 | D:6      | Reached skill level 12 in Axes
  5311 | D:6      | Noticed a two-headed ogre
  5322 | D:6      | Killed a two-headed ogre
  5322 | D:6      | Reached ** piety under Okawaru
  5645 | D:6      | Killed Sigmund
  5651 | D:6      | Reached skill level 13 in Axes
  6140 | D:6      | Found a hazy altar of Hepliaklqana.
  6441 | D:7      | Reached skill level 5 in Invocations
  6441 | D:7      | Reached XP level 10. HP: 67/77 MP: 13/13
  6836 | D:7      | Reached skill level 10 in Armour
  6868 | D:7      | Reached *** piety under Okawaru
  7697 | D:8      | Engulfed by a cloud of flame

Levels and vault maps discovered:
D:1:      lightli_arrival_maybe_door_vault, layout_basic, minmay_lizard_pond
D:2:      layout_rooms, chequers_ecumenical_altar_twisty, minmay_tromino_v4_c,
          uniq_jessica
D:3:      layout_basic, nicolae_overflow_hidden_temple
D:4:      layout_basic, nicolae_ossuary_entry_monument, minmay_fire_ice_demons,
          uniq_ijyb
D:5:      layout_rooms, first_ration, st_stairs_8
D:6:      layout_loops_corners, kennysheep_mini, minmay_temple_entry_slanted,
          uniq_sigmund, uniq_pikel
D:7:      layout_gridville, serial_glass, glass_columns_c, glass_columns_c,
          grunt_livestock
D:8:      layout_basic, minmay_misc_feat_more_columns, uniq_grum
Temple:   eino_wide_crystal_templ

Skill      XL: |  1  2  3  4  5  6  7  8  9 10 |
---------------+-------------------------------+-----
Axes           | 3 4 5 6 8 9 10 11 13 | 13.9
Armour         | 4 5 7 9 10 | 10.3
Invocations    | 5 6 |  6.3
Fighting       | |  3.6
Shields        | |  3.2

Action                   |  1- 3 |  4- 6 |  7- 9 | 10-12 || total
-------------------------+-------+-------+-------+-------++-------
Melee: War axe           |   100 |   166 |   269 |   143 ||   678
Invok: Heroism           |       |       |     2 |       ||     2
  Use: Potion            |     1 |       |     1 |     1 ||     3
       Scroll            |       |    10 |     2 |     1 ||    13
 Stab: Distracted        |       |       |     1 |       ||     1
  Eat: Chunk             |       |     6 |     6 |     3 ||    15
       Ration            |       |       |     2 |     1 ||     3
Armor: Scale mail        |    42 |     3 |       |       ||    45
       Plate armour      |       |    66 |   122 |    58 ||   246
Dodge: Dodged            |    33 |    14 |    42 |    16 ||   105
Block: Shield            |    52 |    72 |    99 |    82 ||   305
       Reflection        |       |       |     2 |     1 ||     3

Table legend:
 A = Non-vault XP
 B = Vault XP
 C = Vault XP percentage of total XP
 D = Non-vault monster count
 E = Vault monster count
 F = Vault count percentage of total count
                 A         B        C        D         E       F
            +---------+---------+-------+---------+---------+-------
      Total |    4013 |    2675 |  40.0 |     126 |      33 |  20.8
            +---------+---------+-------+---------+---------+-------
        D:1 |      43 |      22 |  33.8 |      21 |       8 |  27.6
        D:2 |      86 |      37 |  30.1 |      14 |       1 |   6.7
        D:3 |     287 |       0 |   0.0 |      21 |       0 |   0.0
        D:4 |     295 |      94 |  24.2 |      13 |       3 |  18.8
        D:5 |     683 |       0 |   0.0 |      13 |       0 |   0.0
        D:6 |    1432 |     855 |  37.4 |      15 |       2 |  11.8
        D:7 |    1165 |    1007 |  46.4 |      25 |       5 |  16.7
        D:8 |      22 |       0 |   0.0 |       4 |       0 |   0.0
    Ossuary |       0 |     660 | 100.0 |       0 |      14 | 100.0
            +---------+---------+-------+---------+---------+-------
